 Dungeon Crawl Stone Soup version 0.28-a0-8-g6e044cfa68 (webtiles) character file.

Game seed: 11491275182471648365

1184 LordLemonpie the Grave Robber (level 8, 0/61 HPs)
             Began as a Ghoul Necromancer on July 24, 2021.
             Was an Initiate of Ashenzari.
             Slain by a killer bee (1 damage)
             ... on level 5 of the Dungeon.
             The game lasted 00:46:08 (3709 turns).

LordLemonpie the Grave Robber (Ghoul Necromancer)   Turns: 3709, Time: 00:46:08

Health: 0/61       AC: 11    Str: 22    XL:     8   Next: 42%
Magic:  13/14      EV: 15    Int: 12    God:    Ashenzari [......]
Gold:   142        SH:  0    Dex:  9    Spells: 16/17 levels left

rFire   . . .      SeeInvis .   j - staff of death
rCold   + . .      Faith    .   (no shield)
rNeg    + + +      Spirit   .   d - +0 ring mail
rPois   ∞          Reflect  .   (no helmet)
rElec   .          Harm     .   (no cloak)
rCorr   .          Rampage  .   c - +0 pair of gloves
Will    +....                   g - +4 pair of boots "Qeishruppe" {*Slow Will+ Str+4 Slay+2}
Stlth   ++........              (no amulet)
HPRegen 0.00/turn               i - ring "Bimotofi" {EV+4 Stlth+}
MPRegen 0.14/turn               u - +6 ring of strength

@: inhibited regen
A: claws 1, cold resistance 1, negative energy resistance 3, inhibited
regeneration, torment resistance 2
a: Renounce Religion, Curse Item


You were on level 5 of the Dungeon.
You worshipped Ashenzari.
Ashenzari was noncommittal.
You visited 2 branches of the dungeon, and saw 6 of its levels.

You collected 142 gold pieces.

Inventory:

Hand Weapons
 e - a +1 short sword
 m - a +0 club
 q - a +0 dagger of protection
 t - a +2 flail of draining
Armour
 a - a +0 robe
 b - a +0 robe
 c - a +0 pair of gloves (worn)
 d - a +0 ring mail (worn)
 g - the +4 pair of boots "Qeishruppe" (worn) {*Slow Will+ Str+4 Slay+2}
   (You acquired it on level 2 of the Dungeon)

   Str:       It affects your strength (+4).
   Slay:      It affects your accuracy & damage with ranged weapons and melee
   (+2).
   *Slow:     It may slow you when you take damage.
   Will:      It increases your willpower.
 h - a +0 chain mail
 o - a +0 helmet
Magical Staves
 j - a staff of death (weapon)
Jewellery
 i - the ring "Bimotofi" (left hand) {EV+4 Stlth+}
   (You acquired it on level 2 of the Dungeon)

   [ring of evasion]

   EV:        It affects your evasion (+4).
   Stlth:     It makes you more stealthy.
 l - a ring of protection from cold
 u - a +6 ring of strength (right hand)
Scrolls
 f - a scroll of vulnerability
 k - 5 scrolls of identify
 w - a scroll of amnesia
 x - a scroll of magic mapping
Potions
 n - a potion of lignification
 p - a potion of attraction


   Skills:
 + Level 2.1 Fighting
 + Level 0.6 Short Blades
 + Level 2.7 Staves
 + Level 2.5 Armour
 + Level 2.8 Dodging
 + Level 3.3 Stealth
 + Level 5.0 Spellcasting
 + Level 6.4 Necromancy


You had 16 spell levels left.
You knew the following spells:

 Your Spells              Type           Power      Damage    Failure   Level
a - Pain                  Necr           100%       1d9       2%          1

Your spell library contained the following spells:

 Spells                   Type           Power      Damage    Failure   Level
 Animate Skeleton         Necr           54%        N/A       2%          1
 Vampiric Draining        Necr           13%        2d7       7%          3
 Corpse Rot               Necr/Air       N/A        N/A       13%         2
 Animate Dead             Necr           13%        N/A       24%         4
 Dispel Undead            Necr           27%        3d13      24%         4
 Corona                   Hex            3%         N/A       32%         1
 Ensorcelled Hibernation  Hex/Ice        6%         N/A       43%         2
 Agony                    Necr           27%        N/A       54%         5
 Tukima's Dance           Hex            3%         N/A       67%         3
 Death Channel            Necr           13%        N/A       98%         6


Dungeon Overview and Level Annotations

Branches:
Dungeon (5/15)             Temple (1/1) D:5

Altars:
Ashenzari
Cheibriados
Dithmenos
Makhleb
Okawaru
Qazlal
Ru
Trog
Vehumet
Wu Jian
Xom

Annotations:
D:5 1 transporter, stripedtigrrr's ghost, novice OpWn


Innate Abilities, Weirdness & Mutations

You thrive by killing the living.
You are immune to poison.
You have sharp fingernails.
Your flesh is cold resistant. (rC+)
You are immune to negative energy. (rN+++)
You do not regenerate when monsters are visible.
You are immune to unholy pain and torment.


Message History

You miss the killer bee.
The killer bee is almost dead.
The killer bee closely misses you.
The killer bee stings you but does no damage.
The killer bee misses you. The killer bee barely misses you.
Stripedtigrrr's ghost hits you but does no damage.
The killer bee barely misses you.
You miss the killer bee.
The killer bee is almost dead.
The killer bee stings you but does no damage.
The killer bee closely misses you. The killer bee misses you.
Stripedtigrrr's ghost hits you but does no damage.
The killer bee barely misses you. The killer bee completely misses you.
Stripedtigrrr's ghost hits you but does no damage.
You hit the killer bee.
The killer bee is lightly wounded.
The killer bee closely misses you. The killer bee completely misses you.
The killer bee stings you but does no damage.
The killer bee barely misses you.
Stripedtigrrr's ghost hits you but does no damage.
The killer bee barely misses you.
Casting: Pain (safe; 2% risk of failure)
Confirm with . or Enter, or press ? or * to list all spells.
Aiming: Pain (safe; 2% risk of failure)
Press: ? - help, Shift-Dir - straight line, f - killer bee
Aim: a killer bee (chance to affect: 89%)
You feel a surge of power!
The killer bee writhes in agony!
The killer bee misses you. The killer bee barely misses you.
The killer bee stings you but does no damage.
Stripedtigrrr's ghost hits you but does no damage.
The killer bee closely misses you.
Casting: Pain (safe; 2% risk of failure)
Confirm with . or Enter, or press ? or * to list all spells.
Aiming: Pain (safe; 2% risk of failure)
Press: ? - help, Shift-Dir - straight line, f/p - killer bee
Aim: a killer bee (moderately wounded, chance to affect: 89%)
You feel a surge of power!
The killer bee writhes in agony.
The killer bee closely misses you. The killer bee stings you.
You die...

#.##.!.#...##..>.#
#.#.#.#.#.#.#..#...#
##.#?.#†(.#..#..###.# ....#
#.©#©.#.#.#.©#©.## ... ....
#..#).#...#..#...# ##.
...## ##..#)#.#.#.#$#.#.# .
....### #...##!.y#...##.#.#
.
...>..###.#.##.#y#.#.##.#.#
..
....#.......##.W@#...##.#.#
...
....###.##..###y###.###.#.#
#..# ....# #.
##..#########..#.# #...#
...## #
##..###.###..##.##..#.#
..## ##.........###....##.#
.## #####.......#...##.. .#
#######.##...#.# .#
#.##.#.#.# .# #....#.(.#


You could see 3 killer bees and stripedtigrrr's ghost.

Vanquished Creatures
  A hornet (D:5)
  A sky beast (D:5)
  An ice beast (D:5)
  An ogre (D:4)
  A scorpion (D:5)
  A water moccasin zombie (D:5)
  A water moccasin skeleton (D:5)
  4 killer bees (D:5)
  2 hounds (D:4)
  A jelly (D:3)
  2 orc priests (D:3)
  An iguana (D:5)
  An orc wizard (D:5)
  Robin (D:4)
  5 adders
  3 gnolls (D:3)
  An ufetubus (D:5)
  An adder skeleton (D:4)
  3 worms (D:3)
  4 dart slugs
  6 orcs
  10 endoplasms
  13 goblins
  A hobgoblin (D:4)
  9 jackals
  3 quokkas
  6 ball pythons
  6 bats
  3 frilled lizards
  2 kobolds
  4 rats
99 creatures vanquished.

Vanquished Creatures (others)
  4 plants (D:3)
4 creatures vanquished.

Grand Total: 103 creatures vanquished

Notes
Turn   | Place    | Note
-------+----------+-------------------------------------------
     0 | D:1      | LordLemonpie the Ghoul Necromancer began the quest for the
                  | Orb.
     0 | D:1      | Reached XP level 1. HP: 14/14 MP: 2/2
   418 | D:1      | Reached XP level 2. HP: 20/20 MP: 0/3
   671 | D:2      | Reached XP level 3. HP: 11/26 MP: 0/5
  1092 | D:2      | Identified 3 scrolls of acquirement
  1092 | D:2      | Acquired the ring "Bimotofi" {EV+4 Stlth+}
  1095 | D:2      | Acquired a staff of death
  1098 | D:2      | Acquired the +4 pair of boots "Qeishruppe" {*Slow Will+
                  | Str+4 Slay+2}
  1336 | D:3      | Reached XP level 4. HP: 10/34 MP: 1/7
  1784 | D:3      | Reached XP level 5. HP: 39/39 MP: 6/8
  1872 | D:3      | Found a faded altar of an unknown god.
  1886 | D:3      | Reached skill level 1 in Fighting
  1896 | D:3      | Reached skill level 1 in Staves
  1896 | D:3      | Reached skill level 5 in Necromancy
  1918 | D:3      | Became a worshipper of Ashenzari the Shackled
  2025 | D:3      | Found a sacrificial altar of Ru.
  2299 | D:4      | Reached XP level 6. HP: 47/47 MP: 9/9
  2420 | D:4      | Reached skill level 1 in Armour
  2431 | D:4      | Noticed Robin
  2454 | D:4      | Killed Robin
  2725 | D:5      | Entered Level 5 of the Dungeon
  2736 | D:5      | Noticed a sky beast
  2744 | D:5      | Killed a sky beast
  2745 | D:5      | Reached XP level 7. HP: 52/52 MP: 6/11
  2789 | D:5      | Found a staircase to the Ecumenical Temple.
  2890 | Temple   | Entered the Ecumenical Temple
  3185 | D:5      | Reached skill level 6 in Necromancy
  3291 | D:5      | Noticed a hornet
  3303 | D:5      | Noticed stripedtigrrr's ghost (novice OpWn)
  3331 | D:5      | Found a transporter.
  3336 | D:5      | Found a transporter.
  3424 | D:5      | Reached XP level 8. HP: 60/60 MP: 11/13
  3670 | D:5      | Killed a hornet
  3696 | D:5      | Reached skill level 5 in Spellcasting
  3703 | D:5      | HP: 1/61 [killer bee (8)]
  3709 | D:5      | Slain by a killer bee

Illustrated notes

Levels and vault maps discovered:
D:1:      kennysheep_arrival_forest, layout_loops_ring, minmay_tromino_v7
D:2:      layout_rooms
D:3:      layout_basic, hangedman_ru_absence,
          dreamdust_ecumenical_altar_statues, serial_bayou_pond_b,
          kennysheep_generic_room_8
D:4:      layout_basic, uniq_robin
D:5:      layout_rooms, minmay_temple_entry_large_hall, gammafunk_ghost_hive,
          amcnicky_mini_pool_medium
Temple:   regret_index_temple_generic_petals

Skill      XL: |  1  2  3  4  5  6  7  8 |
---------------+-------------------------+-----
Spellcasting   | 2 3 4 5 |  5.0
Dodging        | 2 |  2.8
Fighting       | 1 2 |  2.1
Staves         | 1 2 |  2.7
Necromancy     | 5 6 |  6.4
Armour         | 1 2 |  2.5
Stealth        | 3 |  3.3
Short Blades   | |  0.6

Action                   |  1- 3 |  4- 6 |  7- 9 || total
-------------------------+-------+-------+-------++-------
Melee: Unarmed           |    13 |       |       ||    13
       Short sword       |    82 |       |       ||    82
       Staff             |     5 |   171 |    95 ||   271
 Cast: Pain              |    36 |    63 |    42 ||   141
  Use: Scroll            |     6 |       |     2 ||     8
       Potion            |     3 |       |     4 ||     7
 Stab: Sleeping          |       |     3 |       ||     3
Armor: Robe              |     5 |       |       ||     5
       Ring mail         |    37 |    75 |    96 ||   208
       Chain mail        |    92 |       |       ||    92
Dodge: Dodged            |    99 |   175 |   197 ||   471

Table legend: (Time is in decaauts)
 A = Elapsed time spent in this place.
 B = Non-inter-level travel time spent in this place.
 C = Inter-level travel time spent in this place.
 D = Time resting spent in this place.
 E = Time spent auto-exploring this place.
 F = Levels seen in this place.
 G = Mean time per level.
                   A        B        C        D        E       F      G
               +--------+--------+--------+--------+--------+-----+--------+
         Total |   3760 |   3760 |      0 |      0 |      0 |   6 |  626.7 |
       Dungeon |   3566 |   3566 |      0 |      0 |      0 |   5 |  713.2 |
        Temple |    193 |    193 |      0 |      0 |      0 |   1 |  193.0 |
               +--------+--------+--------+--------+--------+-----+--------+

Top non-repeatable levels by time:
     D:3: 1117 daAuts
     D:5: 797 daAuts
     D:1: 656 daAuts
     D:2: 554 daAuts
     D:4: 440 daAuts
  Temple: 193 daAuts
